 Dungeon Crawl Stone Soup version 0.28-a0-938-gbc3f381ebc (webtiles) character file.

Game seed: 9084409944490399212

35 croobank the Skirmisher (level 3, -3/27 (29) HPs)
             Began as a Human Monk on Nov 28, 2021.
             Was a Priest of Nemelex Xobeh.
             Slain by Crazy Yiuf (8 damage)
             ... on level 2 of the Dungeon.
             The game lasted 00:07:10 (1840 turns).

croobank the Skirmisher (Human Monk)                Turns: 1840, Time: 00:07:11

HP:   -3/27 (29)    AC:  2    Str: 12    XL:     3   Next: 52%
MP:   3/3           EV: 13    Int: 10    God:    Nemelex Xobeh [***...]
Gold: 139           SH:  0    Dex: 15    Spells: 2/2 levels left

rFire   . . .      SeeInvis .   a - +0 hand axe
rCold   . . .      Faith    .   (no shield)
rNeg    . . .      Spirit   .   n - +0 robe
rPois   .          Reflect  .   (no helmet)
rElec   .          Harm     .   (no cloak)
rCorr   .          Rampage  .   (no gloves)
Will    .....                   (no boots)
Stlth   ++........              (no amulet)
HPRegen 0.09/turn               g - ring of wizardry
MPRegen 0.08/turn               (no ring)

@: drained
A: no striking features
a: Renounce Religion, Draw Escape, Draw Destruction, Draw Summoning, Triple Draw


You were on level 2 of the Dungeon.
You worshipped Nemelex Xobeh.
Nemelex Xobeh was most pleased with you.
You visited 1 branch of the dungeon, and saw 2 of its levels.

You collected 139 gold pieces.

Inventory:

Hand Weapons
 a - a +0 hand axe (weapon)
 b - a +0 hunting sling
 c - a +0 long sword
Missiles
 f - 21 stones (quivered)
 j - 33 poisoned darts
 l - 36 sling bullets
 p - 23 arrows
Armour
 e - a +1 scale mail
 n - a +0 robe (worn)
Jewellery
 g - a ring of wizardry (left hand)
Scrolls
 k - a scroll of magic mapping
 m - a scroll of teleportation
Potions
 d - a potion of might {unknown}
 h - a potion of degeneration {unknown}
 i - a potion of curing {unknown}
 o - a potion of ambrosia {unknown}
 q - a potion of resistance {unknown}


   Skills:
 + Level 3.4 Fighting
 + Level 3.4 Axes
 + Level 3.3 Dodging
 + Level 2.2 Stealth


You had 2 spell levels left.
You didn't know any spells.
Your spell library was empty.

Dungeon Overview and Level Annotations

Branches:
Dungeon (2/15)

Altars:
Nemelex Xobeh

Annotations:
D:2 Crazy Yiuf


Message History

You now have 139 gold pieces (gained 8).
l - 36 sling bullets (gained 15)
q - a red potion
There is an open door here.
You open the door.
There is an open door here.
There is an open door here.
Found a mace.
Found a runed translucent door.
You open the door.
Okay, then.
Okay, then.
Okay, then.
You draw a card...
You have drawn Pain.
Press: ? - help, Shift-Dir - straight line, f - Crazy Yiuf
Aim: Crazy Yiuf, wielding a +2 quarterstaff of chaos, wearing a +0 cloak and carrying a wand of polymorph (9) (asleep) Crazy Yiuf shouts!
Crazy Yiuf convulses!
Crazy Yiuf laughs, "Action koolooloo broken!"
You draw a card...
You have drawn Wild Magic.
Flames sear Crazy Yiuf.
You feel a surge of magic.
Crazy Yiuf grits, "Snower bush childish!"
Crazy Yiuf hits you with a +2 quarterstaff of chaos!
There is an open translucent door, spattered with blood here.
You barely miss Crazy Yiuf.
Crazy Yiuf is severely wounded.
Crazy Yiuf hits you with a +2 quarterstaff of chaos.
You feel drained.
You hit Crazy Yiuf but do no damage.
Crazy Yiuf is severely wounded.
Crazy Yiuf grits, "Peeping unthinkable sallow!"
Crazy Yiuf barely misses you.
Crazy Yiuf hits you with a +2 quarterstaff of chaos!
* * * LOW HITPOINT WARNING * * *
You resist with some effort.
You draw a card...
You have drawn the Tomb.
Walls emerge from the floor!
Crazy Yiuf says, "Rifle noodlescoop verde!"
Crazy Yiuf hits you with a +2 quarterstaff of chaos!
You die...
Your body glows slightly and disappears.

#......#.##...........#
#^....................#
#...##.#..............# #
##################....# #
#....# # #....# # ####♣♣
*#### #....# # ##....♣♣
♣♣##.)# #....###
#......♣♣♣♣#@g..# ####.......
#.......♣..♣##..# #..........
#.#....♣.♣♣♣*#### ####.......
#.###♣♣♣♣♣ #....... #.#
#...#### #.#################
#...# #.##........##....#
#...#
#...........##....####...####
####........##...............


You could see Crazy Yiuf.

Vanquished Creatures
  A dart slug (D:2)
  An endoplasm (D:2)
  2 giant cockroaches (D:1)
  2 goblins (D:1)
  5 hobgoblins (D:1)
  3 jackals (D:1)
  2 kobolds (D:1)
  2 quokkas (D:1)
  2 ball pythons (D:1)
  2 bats (D:1)
  A frilled lizard (D:1)
  5 rats
28 creatures vanquished.

Notes
Turn   | Place    | Note
-------+----------+-------------------------------------------
     0 | D:1      | croobank the Human Monk began the quest for the Orb.
     0 | D:1      | Reached XP level 1. HP: 18/18 MP: 1/1
   133 | D:1      | Reached XP level 2. HP: 14/24 MP: 2/2
   467 | D:1      | Reached XP level 3. HP: 19/29 MP: 3/3
   969 | D:1      | Found a faded altar of an unknown god.
   977 | D:1      | Prayed at the altar of an unknown god.
   977 | D:1      | Became a worshipper of Nemelex Xobeh the Trickster
   977 | D:1      | Reached * piety under Nemelex Xobeh
   977 | D:1      | Received a gift from Nemelex Xobeh
   977 | D:1      | Reached ** piety under Nemelex Xobeh
   977 | D:1      | Received a gift from Nemelex Xobeh
  1410 | D:2      | Reached *** piety under Nemelex Xobeh
  1830 | D:2      | Found a runed translucent door.
  1831 | D:2      | Noticed Crazy Yiuf
  1840 | D:2      | Slain by Crazy Yiuf

Illustrated notes

Levels and vault maps discovered:
D:1:      dpeg_arrival_rhombus, layout_loops_ring, basic_ecumenical_altar,
          minmay_quantized
D:2:      layout_basic, uniq_crazy_yiuf_cottage

Action                   || total
-------------------------++-------
Melee: Hand axe          ||    86
Invok: Draw Destruction  ||     2
       Draw Escape       ||     1
  Use: Scroll            ||     6
 Stab: Sleeping          ||     4
Armor: Robe              ||    14
Dodge: Dodged            ||    61

Table legend: (Time is in decaauts)
 A = Elapsed time spent in this place.
 B = Non-inter-level travel time spent in this place.
 C = Inter-level travel time spent in this place.
 D = Time resting spent in this place.
 E = Time spent auto-exploring this place.
 F = Levels seen in this place.
 G = Mean time per level.
                   A        B        C        D        E       F      G
               +--------+--------+--------+--------+--------+-----+--------+
         Total |   1850 |   1823 |     27 |      0 |   1462 |   2 |  925.0 |
       Dungeon |   1850 |   1823 |     27 |      0 |   1462 |   2 |  925.0 |
               +--------+--------+--------+--------+--------+-----+--------+

Top non-repeatable levels by time:
     D:1: 1193 daAuts
     D:2: 656 daAuts
